 Dungeon Crawl Stone Soup version 0.30-a0-629-gd54f4be4f7 (webtiles) character file.

Game seed: 771009299435094111

42 acebull12 the Slasher (level 3, -1/27 HPs)
             Began as a Demonspawn Gladiator on Jan 12, 2023.
             Slain by a gnoll
             ... wielding a +2 halberd of venom
              (3 damage)
             ... on level 2 of the Dungeon.
             The game lasted 00:03:42 (1753 turns).

acebull12 the Slasher (Demonspawn Gladiator)        Turns: 1753, Time: 00:03:43

Health: -1/27      AC:  7    Str: 16    XL:     3   Next: 35%
Magic:  3/3        EV: 12    Int:  9    God:
Gold:   78         SH:  0    Dex: 14    Spells: 2/2 levels left

rFire   . . .      SeeInvis .    a - +0 long sword
rCold   . . .      Faith    .    (no shield)
rNeg    . . .      Spirit   .    b - +0 leather armour
rPois   .          Reflect  .    c - +0 helmet
rElec   .          Harm     .    t - +0 cloak
rCorr   .          Rampage  .    (no gloves)
Will    .....                    (no boots)
Stlth   +                        (no amulet)
HPRegen 0.24/turn                (no ring)
MPRegen 0.08/turn                (no ring)

@: lethally poisoned (-1 -> -8)
A: icy blue scales 1, foul stench 1
a: no special abilities


You were on level 2 of the Dungeon.
You visited 1 branch of the dungeon, and saw 2 of its levels.

You collected 78 gold pieces.

Inventory:

Hand Weapons
 a - a +0 long sword (weapon)
Missiles
 d - 3 throwing nets (quivered)
 e - a javelin
 g - 24 stones
 j - 6 poisoned darts
Armour
 b - a +0 leather armour (worn)
 c - a +0 helmet (worn)
 t - a +0 cloak (worn)
Jewellery
 r - a ring of resist corrosion
 u - a +5 ring of evasion
Scrolls
 m - 2 scrolls of fear {unknown}
 p - 2 scrolls of identify {unknown}
 q - a scroll of teleportation {unknown}
Potions
 f - a potion of lignification {unknown}
 h - a potion of ambrosia {unknown}
 i - a potion of heal wounds {unknown}
 k - a potion of resistance {unknown}
 l - a potion of might {unknown}
 n - a potion of mutation {unknown}
 o - 2 potions of degeneration {unknown}
 s - a potion of magic {unknown}


   Skills:
 + Level 2.2 Fighting
 * Level 3.3 Long Blades
 * Level 2.2 Throwing
 + Level 0.3 Armour
 + Level 2.9 Dodging
 + Level 0.1 Stealth


You had 2 spell levels left.
You didn't know any spells.
Your spell library contained the following spells:

 Spells                   Type           Power      Damage    Failure   Level
 Alistair's Intoxication  Tmut/Pois      0%         N/A       100%        5
 Borgnjor's Vile Clutch   Necr/Erth      0%         N/A       100%        5
 Eringya's Noxious Bog    Tmut/Pois      0%         N/A       100%        6


Dungeon Overview and Level Annotations

Branches:
Dungeon (2/15)

Altars:


Innate Abilities, Weirdness & Mutations

You are partially covered in icy blue scales. (AC +2)
You may rarely emit foul miasma when damaged in melee.


Message History

The quokka is severely wounded.
The quokka bites you but does no damage.
You hit the quokka.
You kill the quokka!
No target in view!
You see here a quokka corpse.
u - a +5 ring of evasion
p - 2 scrolls labelled QESMONLAIJYO (gained 1)
The gnoll shouts!
You hear a shout!
A gnoll is nearby!
The gnoll barely misses you.
The gnoll shouts!
You slash the gnoll! You punch the gnoll, but do no damage.
The gnoll is severely wounded.
The gnoll misses you.
You hit the gnoll but do no damage.
The gnoll is severely wounded.
The gnoll hits you with a +2 halberd of venom.
You are poisoned.
You barely miss the gnoll.
The gnoll is severely wounded.
You feel very sick.
The gnoll hits you with a +2 halberd of venom!
The gnoll barely misses you.
You are too injured to fight recklessly!
You are too injured to fight recklessly!
You are too injured to fight recklessly!
You hit the gnoll but do no damage.
The gnoll is severely wounded.
You feel sick.
The gnoll hits you with a +2 halberd of venom.
* * * LOW HITPOINT WARNING * * *
You are lethally poisoned!
The gnoll completely misses you.
You hit the gnoll.
The gnoll is severely wounded.
* * * LOW HITPOINT WARNING * * *
You feel very sick.
The gnoll hits you with a +2 halberd of venom.
You die...

#.##.....##..........#####...).
#.##....†##.....###### ####..
#.###....##..........# #.. #.#
#....##..........# #..
#.###.....#####......########..
#.#.......#...#..........##....
#.#......................##....
#.#............gg........##....
#.#...........@g###......##....
#.#....###....#.# #............
#.#..).# #....#.###......##....
###.#....#
#....#......#....#....
....######
#.########..#.##.##### #######
#.#......#..#.##...... †.....#
#.#.####.#..#.######## #####.#
#.#.####.#..#.# # #.#
#.#.#<...#.[#.# #


You could see 3 gnolls.

Vanquished Creatures
  A gnoll (D:2)
  A worm (D:2)
  A dart slug (D:2)
  5 bats
  4 endoplasms
  A giant cockroach (D:2)
  A goblin (D:1)
  5 hobgoblins
  A quokka (D:2)
  2 ball pythons
  2 kobolds
  2 rats
26 creatures vanquished.

Notes
Turn   | Place    | Note
-------+----------+-------------------------------------------
     0 | D:1      | acebull12 the Demonspawn Gladiator began the quest for the
                  | Orb.
     0 | D:1      | Reached XP level 1. HP: 16/16 MP: 1/1
   372 | D:1      | Gained mutation: You are partially covered in icy blue
                  | scales. (AC +2) [demonic ancestry]
   372 | D:1      | Reached XP level 2. HP: 22/22 MP: 2/2
   385 | D:1      | Reached skill level 3 in Long Blades
  1148 | D:2      | HP: 1/22 [gnoll/+0 spear (2)]
  1149 | D:2      | Gained mutation: You may rarely emit foul miasma when
                  | damaged in melee. [demonic ancestry]
  1149 | D:2      | Reached XP level 3. HP: 2/27 MP: 3/3
  1753 | D:2      | Slain by a gnoll

Illustrated notes

Levels and vault maps discovered:
D:1:      arrival_zaba_pyramid, layout_loops_ring
D:2:      layout_basic, serial_aquarium, aquarium_bridge_long_joined
          [aquarium_subvault_window, aquarium_subvault_window,
          aquarium_subvault_bridge, aquarium_subvault_wall,
          aquarium_subvault_window, aquarium_subvault_wall], aquarium_window_1,
          aquarium_window_1, aquarium_window_fake, aquarium_view_2d,
          aquarium_view_2b

Skill      XL: |  1  2 |
---------------+-------+-----
Long Blades    | 3 |  3.3
Throwing       | 2 |  2.2
Fighting       | |  2.2
Armour         | |  0.3
Dodging        | |  2.9
Stealth        | |  0.1

Action                   || total
-------------------------++-------
Melee: Long sword        ||    90
       Punch             ||     1
Armor: Leather armour    ||    33
Dodge: Dodged            ||    57

Table legend: (Time is in decaauts)
 A = Elapsed time spent in this place.
 B = Non-inter-level travel time spent in this place.
 C = Inter-level travel time spent in this place.
 D = Time resting spent in this place.
 E = Time spent auto-exploring this place.
 F = Levels seen in this place.
 G = Mean time per level.
                   A        B        C        D        E       F      G
               +--------+--------+--------+--------+--------+-----+--------+
         Total |   1776 |   1515 |    261 |      0 |   1205 |   2 |  888.0 |
       Dungeon |   1776 |   1515 |    261 |      0 |   1205 |   2 |  888.0 |
               +--------+--------+--------+--------+--------+-----+--------+

Top non-repeatable levels by time:
     D:1: 1079 daAuts
     D:2: 697 daAuts
